 Dungeon Crawl Stone Soup version 0.22-a0-389-g8519d86 (webtiles) character file.

30 Kairos the Sneak (level 3, 0/16 HPs)
             Began as a Vine Stalker Enchanter on Apr 30, 2018.
             Slain by a kobold
             ... wielding a +2 whip of freezing
              (3 damage)
             ... on level 1 of the Dungeon.
             The game lasted 00:01:35 (362 turns).

Kairos the Sneak (Vine Stalker Enchanter)            Turns: 362, Time: 00:01:36

Health: 0/16       AC:  2    Str: 11    XL:     3   Next: 18%
Magic:  0/7        EV: 12    Int: 15    God:
Gold:   51         SH:  0    Dex: 14    Spells: 5/6 levels left

rFire    . . .     SeeInvis .   e - +2 dagger (freeze)
rCold    . . .     Gourm    .   (no shield)
rNeg     . . .     Faith    .   b - +0 robe
rPois    .         Spirit   +   (no helmet)
rElec    .         Reflect  .   (no cloak)
rCorr    .         Harm     .   (no gloves)
MR       .....                  (no boots)
Stlth    +++.......             (no amulet)
HPRegen  0.05/turn              (no ring)
MPRegen  0.10/turn              (no ring)

@: no status effects
A: fangs 2, magic shield, antimagic bite, no potion heal 3, rot immunity
a: no special abilities


You were on level 1 of the Dungeon.
You were not hungry.

You visited 1 branch of the dungeon, and saw 1 of its levels.

You collected 51 gold pieces.

Inventory:

Hand Weapons
 a - a +1 dagger
 e - a +2 dagger of freezing (weapon)
Armour
 b - a +0 robe (worn)
Scrolls
 c - 2 scrolls of immolation {unknown}
 f - 3 scrolls of identify {unknown}
 g - 2 scrolls of teleportation {unknown}
Comestibles
 d - a ration


   Skills:
 + Level 1.0 Short Blades
 + Level 2.0 Dodging
 + Level 4.2 Stealth
 + Level 2.3 Spellcasting
 + Level 3.4 Hexes


You had 5 spell levels left.
You knew the following spells:

 Your Spells              Type           Power        Failure   Level  Hunger
a - Corona                Hex            ##.....      5%          1    #......


Dungeon Overview and Level Annotations

Branches:
Dungeon (1/15)

Altars:


Innate Abilities, Weirdness & Mutations

You have extremely sharp teeth.
When hurt, damage is shared between your health and your magic reserves.
Your bite disrupts and absorbs the magic of your enemies.
Potions cannot restore your health.
You are immune to rotting.


Message History

Things that are here:
a club; a hobgoblin corpse The kobold throws a stone.
The stone hits you.
* * * LOW HITPOINT WARNING * * *
You see here a stone.
The kobold throws a stone.
The stone closely misses you.
You see here a stone.
A hobgoblin comes into view. It is wielding a club.
The kobold throws a stone.
The stone hits you.
* * * LOW HITPOINT WARNING * * *
Found 12 gold pieces.
The kobold throws a stone.
The stone misses you.
The kobold throws a stone.
The stone completely misses you.
You see here 12 gold pieces.
Casting: Corona (safe; 5% risk of failure)
Confirm with . or Enter, or press ? or * to list all spells.
Okay, then.
You start resting.
The kobold hits you with a whip of freezing.
You die...

#...#......†.........
.. #...#>#.#..##.####.#
##
#...........#.##...#..#
#
#.....................#
#
#...#.#.#...#.#.##.#..#
# ................# # #
##..###.#.#.#.#.##.#...
.. .. #............K...
## #.###@#.#)##.#.##
#.###K#.#)##.#
#............#
#K###.#.#.##.#
#.####.###.#.#(# #
#.....$......#(#
######(###...#.##.#.#
#................
....(.......g####


You could see a kobold.

Vanquished Creatures
  A dart slug (D:1)
  2 leopard geckos (D:1)
  3 bats (D:1)
  A giant cockroach (D:1)
  3 goblins (D:1)
  4 hobgoblins (D:1)
  4 kobolds (D:1)
  2 ball pythons (D:1)
  A frilled lizard (D:1)
21 creatures vanquished.

Notes
Turn   | Place    | Note
-------+----------+-------------------------------------------
     0 | D:1      | Kairos the Vine Stalker Enchanter began the quest for the Orb.
     0 | D:1      | Reached XP level 1. HP: 9/9 MP: 4/4
   135 | D:1      | Reached XP level 2. HP: 13/13 MP: 6/6
   214 | D:1      | Reached skill level 1 in Short Blades
   305 | D:1      | Reached skill level 4 in Stealth
   305 | D:1      | Reached XP level 3. HP: 13/16 MP: 4/7
   362 | D:1      | Slain by a kobold

Vault maps used:
D:1:      scummos_arrival_checkerplants

Skill      XL: |  1  2 |
---------------+-------+-----
Short Blades   | 1 |  1.0
Dodging        | 2 |  2.0
Stealth        | 4 |  4.2
Spellcasting   | |  2.3
Hexes          | |  3.4

Action                   || total
-------------------------++-------
Melee: Dagger            ||    57
       Bite              ||    11
 Stab: Sleeping          ||     1
Armor: Robe              ||     6
Dodge: Dodged            ||    47

Table legend:
 A = Spawn XP
 B = Non-spawn XP
 C = Spawn XP percentage of total XP
 D = Spawn monster count
 E = Non-spawn monster count
 F = Spawn count percentage of total count
 G = Total turns spent on level
                    A         B        C        D         E        F      G
               +---------+---------+-------+---------+---------+-------+---------
         Total |       0 |      43 |   0.0 |       0 |      21 |   0.0 |   362
               +---------+---------+-------+---------+---------+-------+---------
           D:1 |       0 |      43 |   0.0 |       0 |      21 |   0.0 |   362
               +---------+---------+-------+---------+---------+-------+---------
